 Dungeon Crawl Stone Soup version 0.24.0-123-gd5b16e6ec5 (webtiles) character file.

Game seed: 17490783116165528821, levelgen mode: deterministic

149 vurker the Gusty (level 5, -5/22 HPs)
             Began as a Felid Air Elementalist on Feb 3, 2020.
             Slain by an orc priest
             ... wielding a +0 short sword
              (7 damage)
             ... on level 3 of the Dungeon.
             The game lasted 00:04:07 (3683 turns).

vurker the Gusty (Felid Air Elementalist)           Turns: 3683, Time: 00:04:07

Health: -5/22      AC:  1    Str:  4    XL:     5   Next: 9%
Magic:  4/11       EV: 18    Int: 17    God:
Gold:   117        SH:  0    Dex: 17    Spells: 9/10 levels left
                                        Lives:  0   Deaths: 1

rFire    . . .     SeeInvis +   (weapon unavailable)
rCold    . . .     Gourm    .   (shield unavailable)
rNeg     . . .     Faith    .   (armour unavailable)
rPois    .         Spirit   .   (helmet unavailable)
rElec    .         Reflect  .   (cloak unavailable)
rCorr    .         Harm     .   (gloves unavailable)
MR       .....                  (boots unavailable)
Stlth    +++.......             l - amulet of magic regeneration
HPRegen  0.07/turn              (no ring)
MPRegen  0.37/turn              (no ring)

@: quick
A: very small, no armour, no weapons or thrown items, stealth, claws 1, fangs 3,
see invisible, carnivore, speed 1, shaggy fur 1, slow metabolism 1, sharp paws
a: no special abilities


You were on level 3 of the Dungeon.
You were full.

You visited 1 branch of the dungeon, and saw 3 of its levels.

You collected 117 gold pieces.

Inventory:

Jewellery
 l - an amulet of magic regeneration (around neck)
   (You found it on level 3 of the Dungeon)
Scrolls
 a - 2 scrolls of magic mapping {unknown}
 b - a scroll of remove curse {unknown}
 d - a scroll of random uselessness {unknown}
 h - 2 scrolls of identify {unknown}
 i - a scroll of teleportation {unknown}
 k - a scroll of blinking {unknown}
Potions
 c - a potion of lignification {unknown}
 f - 3 potions of brilliance {unknown}
 g - a potion of might {unknown}
Comestibles
 e - 5 rations


   Skills:
 + Level 1.7 Fighting
 - Level 2.6 Dodging
 - Level 2.6 Stealth
 * Level 3.4 Spellcasting
 * Level 3.0 Conjurations
 * Level 3.8 Air Magic


You had 9 spell levels left.
You knew the following spells:

 Your Spells              Type           Power        Failure   Level  Hunger
a - Shock                 Conj/Air       ##..         4%          1    None

Your spell library contained the following spells:

 Spells                   Type           Power        Failure   Level  Hunger
 Swiftness                Chrm/Air       #.......     12%         2    ##.....
 Static Discharge         Conj/Air       ##......     12%         3    ###....
 Animate Skeleton         Necr           N/A          17%         1    None
 Apportation              Tloc           #.....       17%         1    None
 Confusing Touch          Hex            #.....       17%         1    None
 Summon Small Mammal      Summ           #...         17%         1    None
 Airstrike                Air            ###.......   34%         4    ####...
 Lightning Bolt           Conj/Air       ##........   75%         5    ######.


Dungeon Overview and Level Annotations

Branches:
Dungeon (3/15)

Altars:
Xom


Innate Abilities, Weirdness & Mutations

You cannot wear armour.
You are incapable of wielding weapons or throwing items.
Your paws allow you to move quietly. (Stealth)
You have sharp claws.
You have razor-sharp teeth.
You have supernaturally acute eyesight. (SInv)
You are carnivorous and can eat meat at any time.
You cover ground quickly.
You are covered in fur. (AC +1)
You have a slow metabolism.
Your sharp claws are effective at attacking unaware monsters.


Message History

The orc priest calls down the wrath of Beogh upon you.
Beogh smites you!
* * * LOW HITPOINT WARNING * * *
The orc throws a boomerang.
The boomerang misses you.
The weapon returns to the orc!
You hear a shout!
Aim: an orc, wielding a +0 flail and wearing a +0 ring mail (heavily wounded)
The zap hits the orc but does no damage.
Unknown command.
Sorry, you're not good enough to have a special ability.
Okay, then.
Aim: an orc, wielding a +0 flail and wearing a +0 ring mail (heavily wounded)
The zap misses the orc priest.
The zap hits the orc.
You kill the orc!
An orc comes into view. It is wielding a +0 trident.
Aim: an orc priest, wielding a +0 short sword and wearing a +0 chain mail The zap hits the orc priest but does no damage.
The orc priest calls down the wrath of Beogh upon you.
You struggle to resist.
A dart slug comes into view.
Aim: an orc priest, wielding a +0 short sword and wearing a +0 chain mail The zap hits the orc priest.
Aim: an orc priest, wielding a +0 short sword and wearing a +0 chain mail (lightly wounded)
The zap hits the orc priest.
Aim: an orc priest, wielding a +0 short sword and wearing a +0 chain mail (moderately wounded)
The zap hits the orc priest.
The zap hits the orc.
Aim: an orc priest, wielding a +0 short sword and wearing a +0 chain mail (heavily wounded)
The zap hits the orc priest.
The zap misses the orc.
Aim: an orc priest, wielding a +0 short sword and wearing a +0 chain mail (severely wounded) That beam is likely to hit you.
Continue anyway? [Y]es or [N]o only, please.
That beam is likely to hit you.
Continue anyway? [Y]es or [N]o only, please.
That beam is likely to hit you.
Continue anyway?
Okay, then.
The orc priest calls down the wrath of Beogh upon you.
Pain shoots through your body!
* * * LOW HITPOINT WARNING * * *
Aim: an orc priest, wielding a +0 short sword and wearing a +0 chain mail (severely wounded)
The zap misses the orc priest.
The zap misses the orc.
The zap hits the dart slug.
The orc hits you from afar with a +0 trident.
* * * LOW HITPOINT WARNING * * *
The orc priest calls upon Beogh to heal the orc.
The orc's wounds heal themselves!
Aim: an orc priest, wielding a +0 short sword and wearing a +0 chain mail (severely wounded)
The zap hits the orc priest.
The zap hits the orc.
The zap hits the dart slug.
The orc closely misses you.
The orc priest hits you with a +0 short sword!
You die...

#..........#########......##.
##........#.......#####.#....
##......##.......#####(.....
#########..................
#.......###......#.
#...........####.##
#.......##### #...
.######..##########.....
)†..woo@.....<..........
.#####......############
#..##### # .....# # .....## #
..... ♣##.. ##.


You could see an orc priest, a dart slug and an orc.

Vanquished Creatures
  A bullfrog zombie (D:3)
  A bullfrog skeleton (D:3)
  Terence (D:3)
  An orc wizard (D:3)
  4 adders (D:2)
  A worm (D:2)
  3 dart slugs
  A leopard gecko (D:1)
  6 orcs (D:3)
  2 ball pythons
  2 giant cockroaches
  10 goblins
  7 hobgoblins
  4 jackals (D:1)
  3 kobolds
  14 bats
  5 frilled lizards
  6 rats
72 creatures vanquished.

Notes
Turn   | Place    | Note
-------+----------+-------------------------------------------
     0 | D:1      | vurker the Felid Air Elementalist began the quest for the
                  | Orb.
     0 | D:1      | Reached XP level 1. HP: 7/7 MP: 4/4
    21 | D:1      | Reached skill level 1 in Conjurations
   186 | D:1      | Reached XP level 2. HP: 11/11 MP: 3/6
  1011 | D:1      | Reached XP level 3. HP: 15/15 MP: 3/7
  1692 | D:2      | Found a shimmering altar of Xom.
  2185 | D:2      | Reached XP level 4. HP: 18/18 MP: 4/8
  2189 | D:2      | Reached skill level 1 in Fighting
  3074 | D:3      | Reached XP level 5. HP: 22/22 MP: 1/10
  3532 | D:3      | Slain by a bullfrog skeleton
  3533 | D:3      | Reached XP level 4. HP: -1/19 MP: 9/9
  3561 | D:3      | Noticed Terence
  3574 | D:3      | Killed Terence
  3645 | D:3      | Reached XP level 5. HP: 22/22 MP: 5/11
  3683 | D:3      | Slain by an orc priest

Levels and vault maps discovered:
D:1:      minmay_arrival_doors, layout_loops_corners
D:2:      layout_basic, xom_butterflies, first_ration
D:3:      layout_rooms, elyvilon_altar_3, uniq_terence

Skill      XL: |  1  2  3  4 |
---------------+-------------+-----
Conjurations   | 1 2 3 |  3.0
Air Magic      | 3 |  3.8
Fighting       | 1 |  1.7
Spellcasting   | 3 |  3.4
Dodging        | |  2.6
Stealth        | |  2.6

Action                   |  1- 3 |  4- 6 || total
-------------------------+-------+-------++-------
Melee: Unarmed           |    23 |     7 ||    30
 Cast: Shock             |    99 |    99 ||   198
 Stab: Sleeping          |     3 |       ||     3
  Eat: Chunk             |    11 |     4 ||    15
Armor: Skin              |     5 |     1 ||     6
Dodge: Dodged            |    43 |    37 ||    80
